 Dungeon Crawl Stone Soup version 0.30-a0-587-gfd7c166f36 (webtiles) character file.

Game seed: 10995318254906983745

13010 M4edhros the Spear-Bearer (level 12, -1/82 HPs)
             Began as an Octopode Fighter on Jan 4, 2023.
             Was a High Priest of Makhleb.
             Slain by a green ugly thing (6 damage)
             ... while petrified by a basilisk
             ... on level 12 of the Dungeon.
             The game lasted 00:11:50 (10474 turns).

M4edhros the Spear-Bearer (Octopode Fighter)       Turns: 10474, Time: 00:11:51

Health: -1/82      AC:  1    Str: 17    XL:     12   Next: 1%
Magic:  18/18      EV:  2    Int: 10    God:    Makhleb [*****.]
Gold:   631        SH:  0    Dex: 17    Spells: 7/11 levels left

rFire   + . .      SeeInvis .    z - +6 spear of the Vestibule of Hell {freeze, rF+ rC+ Str+2}
rCold   + . .      Faith    .    b - +1 buckler
rNeg    + + +      Spirit   .    (helmet restricted)
rPois   ∞          Reflect  .    H - amulet of regeneration
rElec   .          Harm     .    (no ring)
rCorr   .          Rampage  .    (no ring)
Will    .....      Clarity  +    (no ring)
Stlth   +++                      (no ring)
HPRegen 1.13/turn                (no ring)
MPRegen 0.16/turn                (no ring)
                                 (no ring)
                                 (no ring)

@: petrified
A: almost no armour, amphibious, 8 rings, camouflage 1, gelatinous body 1,
(nimble swimmer 1), tentacles, tentacle spike 1, clarity
a: Renounce Religion, Minor Destruction, Lesser Servant of Makhleb, Major
Destruction, Greater Servant of Makhleb


You were on level 12 of the Dungeon.
You worshipped Makhleb.
Makhleb was extremely pleased with you.
You visited 1 branch of the dungeon, and saw 12 of its levels.
You visited the Abyss 1 time.
You also visited: Sewer.

You collected 631 gold pieces.

Inventory:

Hand Weapons
 a - a +0 trident
 z - the +6 spear of the Vestibule of Hell (weapon) {freeze, rF+ rC+ Str+2}
   (You found it on level 3 of the Dungeon)

   It freezes those it strikes, dealing additional cold damage.
   It can also slow down cold-blooded creatures.
   Str:       It affects your strength (+2).
   rF:        It protects you from fire.
   rC:        It protects you from cold.
Missiles
 t - 57 poisoned darts (quivered)
 G - 6 curare-tipped darts
 N - 2 throwing nets
Armour
 b - a +1 buckler (worn)
Jewellery
 n - an amulet of the acrobat
 H - an amulet of regeneration (around mantle)
 P - an amulet of guardian spirit
Wands
 A - a wand of roots (4)
 K - a wand of charming (12)
 O - a wand of mindburst (3)
Scrolls
 d - 7 scrolls of identify {unknown}
 e - 3 scrolls of enchant weapon {unknown}
 g - 3 scrolls of enchant armour
 j - 4 scrolls of fog {unknown}
 l - a scroll of silence {unknown}
 o - 8 scrolls of teleportation {unknown}
 p - a scroll of poison {unknown}
 s - 7 scrolls of magic mapping {unknown}
 u - 2 scrolls of vulnerability {unknown}
 w - a scroll of acquirement {unknown}
 y - 2 scrolls of fear {unknown}
 B - a scroll of noise {unknown}
 C - 2 scrolls of immolation {unknown}
 E - 4 scrolls of brand weapon {unknown}
 I - 2 scrolls of amnesia {unknown}
 J - 2 scrolls of blinking {unknown}
Potions
 c - 2 potions of might
 f - 3 potions of mutation
 h - a potion of flight
 i - 2 potions of cancellation {unknown}
 k - 2 potions of ambrosia
 m - a potion of resistance {unknown}
 q - 4 potions of brilliance {unknown}
 r - 4 potions of haste
 v - a potion of attraction {unknown}
 x - 5 potions of curing {unknown}
 D - a potion of magic {unknown}
 F - 2 potions of berserk rage {unknown}
 M - a potion of invisibility {unknown}


   Skills:
 + Level 7.8 Fighting
 * Level 10.5 Polearms
 + Level 7.8 Dodging
 - Level 6.0 Shields
 * Level 5.8 Summonings
 * Level 5.9 Air Magic
 * Level 8.0 Invocations


You had 7 spell levels left.
You knew the following spells:

 Your Spells              Type           Power      Damage    Failure   Level
a - Summon Lightning Spi  Summ/Air       11%        N/A       41%         4

Your spell library contained the following spells:

 Spells                   Type           Power      Damage    Failure   Level
 Airstrike                Air            5%         2d(1-17)  38%         4
 Apportation              Tloc           0%         N/A       43%         1
 Sandblast                Erth           0%         2d4       43%         1
 Ensorcelled Hibernation  Hex/Ice        0%         N/A       58%         2
 Frozen Ramparts          Ice            0%         1d1       82%         3
 Spider Form              Tmut/Pois      0%         N/A       82%         3
 Summon Ice Beast         Ice/Summ       5%         N/A       82%         4
 Anguish                  Hex/Necr       0%         N/A       99%         4
 Animate Dead             Necr           0%         N/A       99%         4
 Lightning Bolt           Conj/Air       2%         1d14      99%         5
 Alistair's Intoxication  Tmut/Pois      0%         N/A       100%        5
 Haunt                    Necr/Summ      2%         N/A       100%        7
 Infestation              Necr           0%         N/A       100%        8
 Lehudib's Crystal Spear  Conj/Erth      0%         10d2      100%        8
 Animate Armour           Summ/Erth      Unusable   N/A       N/A         4

Dungeon Overview and Level Annotations

Branches:
Dungeon (12/15)            Temple (0/1) D:6            Lair (0/5) D:11
    Orc (0/2) D:10          Sewer (visited)

Altars:
Elyvilon
Fedhas
Gozag
Hepliaklqana
Makhleb
Okawaru
Uskayaw
Xom
Zin

Shops:
D:8 [


Innate Abilities, Weirdness & Mutations

You cannot wear most types of armour.
You are amphibious.
You can wear up to eight rings at the same time.
Your skin changes colour to match your surroundings (Stealth+).
Your rubbery body absorbs attacks. (AC +1, EV +1)
((You are camouflaged when in or above water. (Stealth+)))
You have tentacles for arms and can constrict up to eight enemies at once.
One of your tentacles bears a spike.
You possess an exceptional clarity of mind.


Message History

You block the vampire mosquito's attack.
The vampire mosquito barely misses you. The basilisk gazes at you.
Your limbs have turned to stone.
You have turned to stone.
You constrict the vampire mosquito. The vampire mosquito barely misses you.
The vampire mosquito bites you. x2; The basilisk bites you.
The green ugly thing stings you! The vampire mosquito bites you.
You constrict the vampire mosquito!
You destroy the vampire mosquito!
Makhleb accepts your kill.
You feel better. The vampire mosquito bites you! The basilisk gazes at you.
You resist with some effort. The green ugly thing stings you!
The vampire mosquito bites you! x2; The basilisk bites you!
The green ugly thing stings you.
The vampire mosquito bites you! x2; The basilisk barely misses you.
The green ugly thing stings you.
A cyclops comes into view.
The vampire mosquito bites you! The basilisk bites you!
The vampire mosquito completely misses you.
The green ugly thing stings you. The vampire mosquito barely misses you.
The basilisk bites you! The green ugly thing stings you!
* * * LOW HITPOINT WARNING * * *
The vampire mosquito bites you.
* * * LOW HITPOINT WARNING * * *
The vampire mosquito bites you.
* * * LOW HITPOINT WARNING * * *
The basilisk bites you!
* * * LOW HITPOINT WARNING * * *
The green ugly thing stings you!
* * * LOW HITPOINT WARNING * * *
The vampire mosquito bites you!
* * * LOW HITPOINT WARNING * * *
The cyclops shouts!
The vampire mosquito barely misses you.
The basilisk hisses menacingly.
The basilisk bites you but does no damage.
The green ugly thing stings you!
You die...

#.........
.......... ##
##...C.....
#..##.......?..
.............
...........
###.#####yul......
..........@†....#
#..######.#...###
#.# #.....### #.#
##...### #.#
##..### ..
###†###...# .
#.........# ...
####..###......
#.#. ##.## #.#####


You could see a green ugly thing, a cyclops, a basilisk and a vampire mosquito.

Vanquished Creatures
  A tentacled starspawn (Abyss:1)
  Erolcha (D:10)
  Erica (D:10)
  A boulder beetle (D:11)
  A two-headed ogre (D:12)
  An ugly thing (D:11)
  A cyclops (D:12)
  An apocalypse crab (Abyss:1)
  An unseen horror (D:10)
  Maggie (D:7)
  A kobold demonologist (D:12)
  2 trolls
  2 wyverns (D:9)
  3 small abominations (Abyss:1)
  A vampire (D:6)
  A yak (D:11)
  3 shadows
  Eustachio (D:6)
  3 wraiths
  A basilisk (D:12)
  5 vampire mosquitoes
  Menkaure (D:6)
  8 water moccasins
  An orc warrior (D:9)
  2 ice beasts
  A black bear (D:6)
  6 centaurs
  4 kobold brigands
  A necrophage (D:7)
  5 bullfrogs
  A gnoll sergeant (D:10)
  2 scorpions (D:5)
  A wight (D:5)
  10 killer bees (D:9)
  5 howler monkeys
  6 hounds
  7 jellies
  2 orc priests
  7 iguanas
  6 orc wizards
  11 gnolls
  3 river rats (Sewer)
  11 adders
  2 shadow imps
  A white imp (D:7)
  20 orcs
  8 ball pythons
  8 bats
  7 endoplasms
  6 giant cockroaches
  12 goblins
  11 hobgoblins
  7 jackals
  21 kobolds
  4 quokkas
  5 frilled lizards
  12 rats
  A starspawn tentacle (Abyss:1)
259 creatures vanquished.

Vanquished Creatures (collateral kills)
  A yak (D:10)
1 creature vanquished.

Vanquished Creatures (others)
  An orc wizard (D:5)
  9 fungi (D:11)
  13 plants
  2 starspawn tentacles (Abyss:1)
25 creatures vanquished.

Grand Total: 285 creatures vanquished

Notes
Turn   | Place    | Note
-------+----------+-------------------------------------------
     0 | D:1      | M4edhros the Octopode Fighter began the quest for the Orb.
     0 | D:1      | Reached XP level 1. HP: 16/16 MP: 1/1
    59 | D:1      | Reached XP level 2. HP: 21/21 MP: 2/2
   145 | D:1      | Found a faded altar of an unknown god.
   327 | D:1      | Prayed at the altar of an unknown god.
   327 | D:1      | Became a worshipper of Makhleb the Destroyer
   327 | D:1      | Reached * piety under Makhleb
   473 | D:1      | Reached XP level 3. HP: 19/26 MP: 3/3
   886 | D:2      | Reached ** piety under Makhleb
   957 | D:2      | Reached skill level 3 in Polearms
   991 | D:2      | Reached XP level 4. HP: 30/31 MP: 4/4
  1743 | D:3      | Found a glowing drain.
  1750 | Sewer    | Entered a sewer
  1900 | Sewer    | Reached XP level 5. HP: 36/36 MP: 5/5
  2014 | Sewer    | Reached *** piety under Makhleb
  2015 | Sewer    | Noticed a kobold brigand
  2096 | Sewer    | Killed a kobold brigand
  2097 | Sewer    | Reached skill level 4 in Polearms
  2161 | Sewer    | Reached XP level 6. HP: 39/43 MP: 6/6
  2940 | D:3      | Identified the +6 spear of the Vestibule of Hell {freeze,
                  | rF+ rC+ Str+2}
  3422 | D:4      | Reached XP level 7. HP: 48/48 MP: 7/7
  3544 | D:4      | Found a hazy altar of Hepliaklqana.
  3550 | D:4      | Reached skill level 5 in Polearms
  3785 | D:5      | Entered Level 5 of the Dungeon
  3856 | D:5      | Gained mutation: One of your tentacles bears a spike.
                  | [potion of mutation]
  3856 | D:5      | Gained mutation: You possess an exceptional clarity of
                  | mind. [potion of mutation]
  3864 | D:5      | Reached **** piety under Makhleb
  3865 | D:5      | Reached XP level 8. HP: 22/54 MP: 8/8
  3985 | D:5      | Reached skill level 5 in Fighting
  3985 | D:5      | Reached skill level 6 in Polearms
  3985 | D:5      | Reached skill level 5 in Dodging
  3985 | D:5      | Reached skill level 5 in Shields
  4731 | D:6      | Found a blossoming altar of Fedhas.
  4732 | D:6      | Noticed a vampire
  4744 | D:6      | Killed a vampire
  4745 | D:6      | Reached skill level 7 in Polearms
  4791 | D:6      | Noticed Eustachio
  4805 | D:6      | Killed Eustachio
  4806 | D:6      | Reached XP level 9. HP: 56/62 MP: 9/9
  4880 | D:6      | Found a staircase to the Ecumenical Temple.
  4890 | D:6      | Noticed a troll
  4907 | D:6      | Reached skill level 1 in Invocations
  4912 | D:6      | Killed a troll
  5123 | D:6      | Noticed Menkaure
  5124 | D:6      | Found a shimmering altar of Xom.
  5133 | D:6      | Killed Menkaure
  5327 | D:6      | Reached skill level 8 in Polearms
  5434 | D:6      | Found a white marble altar of Elyvilon.
  5630 | D:7      | Noticed Maggie
  5642 | D:7      | Killed Maggie
  5954 | D:7      | Found an iron altar of Okawaru.
  6090 | D:7      | Found a glowing silver altar of Zin.
  6096 | D:7      | Learned a level 4 spell: Summon Lightning Spire
  6261 | D:8      | Found Xufrol's Antique Armour Shoppe.
  6289 | D:8      | Found a blossoming altar of Fedhas.
  6357 | D:8      | Reached XP level 10. HP: 69/69 MP: 13/13
  6515 | D:8      | Reached skill level 1 in Summonings
  6515 | D:8      | Reached skill level 1 in Air Magic
  6594 | D:8      | Found a hide-covered altar of Uskayaw.
  6637 | D:8      | Got the Compilation of Grounded Glaciation
  6930 | D:9      | Reached skill level 5 in Invocations
  7088 | D:9      | Reached ***** piety under Makhleb
  7091 | D:9      | Reached skill level 9 in Polearms
  7735 | D:10     | Entered Level 10 of the Dungeon
  7735 | D:10     | Noticed Erolcha
  7766 | Abyss:1  | Cast into level 1 of the Abyss (Erolcha)
  7813 | Abyss:1  | Noticed a tentacled starspawn
  7834 | Abyss:1  | Killed a tentacled starspawn
  7910 | Abyss:1  | Noticed an apocalypse crab
  7925 | Abyss:1  | Killed an apocalypse crab
  7926 | Abyss:1  | Reached XP level 11. HP: 57/75 MP: 15/15
  7928 | D:10     | Escaped the Abyss
  7931 | D:10     | Killed Erolcha
  8204 | D:10     | Found a staircase to the Orcish Mines.
  8228 | D:10     | Noticed Erica
  8249 | D:10     | Killed Erica
  8819 | D:11     | Found a staircase to the Lair.
  8835 | D:11     | Reached skill level 10 in Polearms
  8905 | D:11     | Found an opulent altar of Gozag.
  8914 | D:11     | Reached skill level 5 in Air Magic
  8927 | D:11     | Found an opulent altar of Gozag.
  8927 | D:11     | Found an opulent altar of Gozag.
  8928 | D:11     | Noticed a boulder beetle
  8933 | D:11     | Found an opulent altar of Gozag.
  8983 | D:11     | Killed a boulder beetle
  8984 | D:11     | Reached skill level 5 in Summonings
  9335 | D:11     | Noticed a cyan ugly thing
  9348 | D:11     | Killed a cyan ugly thing
 10341 | D:12     | Noticed a two-headed ogre
 10351 | D:12     | Killed a two-headed ogre
 10408 | D:12     | Noticed a cyclops
 10420 | D:12     | Killed a cyclops
 10459 | D:12     | Noticed a green ugly thing
 10465 | D:12     | Reached XP level 12. HP: 82/82 MP: 18/18
 10473 | D:12     | HP: 4/82 [vampire mosquito (6)]
 10474 | D:12     | Slain by a green ugly thing

Illustrated notes

Levels and vault maps discovered:
D:1:      minmay_arrival_nine_rooms, layout_basic,
          ebering_ecumenical_altar_abandoned, grunt_decor_fettered,
          minmay_tetromino_t4
D:2:      layout_basic, minmay_misc_feat_columns
D:3:      layout_loops_ring, gup_sewer_entry_bowl, nrook_uturn
D:4:      layout_cave_pools, lemuel_crystal_altar, cheibrodos_gnoll_hut
D:5:      layout_loops_ring, minmay_misc_feat_pillars, minmay_diced_spiral
D:6:      layout_cave_pools, mainiacjoe_overflow_chevrons, temple_fountains,
          hangedman_feature_mirror, uniq_menkaure, uniq_eustachio
D:7:      layout_basic, zin_treasury, mainiacjoe_overflow_alcove_2, uniq_maggie
D:8:      layout_basic, eat_drink_and_be_merry_uskayaw, fedhas_ov_isle_minmay,
          serial_shops, shop, grunt_ministairs_3
D:9:      layout_cave_pods
D:10:     layout_irregular_city, orc_0_dummy, minmay_holes, st_stairs_4,
          uniq_erica, uniq_erolcha
D:11:     layout_layer_cave, due_lair_maze_entry_diamond,
          nicolae_gozag_conspicuous_consumption
D:12:     layout_rooms

Skill      XL: |  1  2  3  4  5  6  7  8  9 10 11 |
---------------+----------------------------------+-----
Polearms       | 3 4 5 7 8 9 10 | 10.5
Dodging        | 4 5 6 7 |  7.8
Shields        | 4 5 6 |  6.0
Fighting       | 4 5 6 7 |  7.8
Invocations    | 4 6 8 |  8.0
Summonings     | 3 5 |  5.8
Air Magic      | 3 5 |  5.9

Action                   |  1- 3 |  4- 6 |  7- 9 | 10-12 || total
-------------------------+-------+-------+-------+-------++-------
Melee: Trident           |    82 |   131 |       |       ||   213
       Constrict         |    14 |    29 |    30 |    35 ||   108
       Tentacles         |    10 |    28 |    33 |    70 ||   141
       Punch             |       |     2 |     1 |     3 ||     6
       Spear             |       |    28 |   199 |   341 ||   568
       Kick              |       |       |    50 |   101 ||   151
Invok: Minor Destruction |       |       |     1 |       ||     1
       Lesser Servant of |       |       |       |     2 ||     2
Evoke: Wand              |       |       |     1 |    11 ||    12
  Use: Potion            |       |       |     5 |     8 ||    13
       Scroll            |       |       |       |     1 ||     1
 Stab: Sleeping          |     5 |    12 |     5 |     9 ||    31
       Distracted        |       |     2 |       |       ||     2
Armor: Skin              |     1 |     2 |    13 |    24 ||    40
Dodge: Dodged            |    31 |    61 |    63 |   125 ||   280
Block: Buckler           |    16 |    20 |    30 |    56 ||   122

Table legend: (Time is in decaauts)
 A = Elapsed time spent in this place.
 B = Non-inter-level travel time spent in this place.
 C = Inter-level travel time spent in this place.
 D = Time resting spent in this place.
 E = Time spent auto-exploring this place.
 F = Levels seen in this place.
 G = Mean time per level.
                   A        B        C        D        E       F      G
               +--------+--------+--------+--------+--------+-----+--------+
         Total |  10360 |   9801 |    559 |    694 |   7384 |  14 |  740.0 |
       Dungeon |   9395 |   8836 |    559 |    564 |   6900 |  12 |  782.9 |
         Abyss |    146 |    146 |      0 |     61 |     42 |   1 |  146.0 |
         Sewer |    819 |    819 |      0 |     69 |    442 |   1 |  819.0 |
               +--------+--------+--------+--------+--------+-----+--------+

Top non-repeatable levels by time:
    D:11: 1366 daAuts
    D:10: 1000 daAuts
     D:9: 922 daAuts
     D:5: 888 daAuts
     D:6: 868 daAuts
     D:1: 836 daAuts
   Sewer: 819 daAuts
     D:3: 795 daAuts
     D:2: 726 daAuts
     D:7: 659 daAuts
     D:4: 640 daAuts
     D:8: 576 daAuts
 Abyss:1: 146 daAuts
    D:12: 115 daAuts
